Lightning vs Stars
(R1)
Created - December 22, 2017 at 22:44
Goals
|
| Lightning |
1 |
1 |
1 |
3 |
| Stars |
2 |
0 |
3 |
5 |
|
Shots
|
| Lightning |
9 |
11 |
5 |
25 |
| Stars |
9 |
14 |
19 |
42 |
|
1st period
1. Stars , Matt Cooke 6 (Rickard Wallin 6, Shaone Morrisonn 4) at 3:51
2. Lightning , Henrik Zetterberg 15 (Robert Nilsson 14, Kris Versteeg 10) at 4:33
3. Stars , Dustin Penner 5 (Evgeny Artyukhin 8, Andrei Markov 11) at 14:07
Penalties :
Shaone Morrisonn (Dal) for High sticking (Minor) at 11:47, Loui Eriksson (TB.) for Tripping (Minor) at 15:12
2nd period
4. Lightning , John Carlson 5 (Henrik Zetterberg 23) at 2:17
Penalties :
Reilly Smith (TB.) for Tripping (Minor) at 6:16, Daniel Carcillo (TB.) for Roughing (Minor) at 10:26, Daniel Carcillo (TB.) for Hooking (Minor) at 19:53
3rd period
5. Stars , Jussi Jokinen 12 (Johnny Oduya 6, Michael Frolik 21) at 9:10
6. Stars , Matt Cooke 7 (Michael Frolik 22, Raphael Diaz 6) at 9:42
7. Lightning , Justin Schultz 2 (Jeff Schultz 10) at 17:02
8. Stars , Matt Cooke 8 (Evgeny Artyukhin 9, Trevor Daley 7) at 17:10
Penalties :
Steve Bernier (TB.) for Hooking (Minor) at 3:43, Danny Richmond (TB.) for Slashing (Minor) at 5:59, Pierre-Marc Bouchard (TB.) for Delaying the game (Minor) at 11:19
Goalie Stats
Jaroslav Halak (TB.), 37 saves from 42 shots - (0.881), L, 12-12-3, 60:00 minutes
Pascal Leclaire (Dal), 22 saves from 25 shots - (0.880), W, 12-10-2, 60:00 minutes
Players Stats for Lightning
Player Name G A P +/- PIM S H SB GA TA FO MP PP MP PK MP
------------------------------------------------------------------------------------
Andy Rogers 0 0 0 -1 0 1 0 3 0 0 0/0 19:51 0:00 8:28
Brent Burns 0 0 0 -2 0 1 3 0 0 1 0/0 25:11 0:41 5:25
Daniel Carcillo 0 0 0 0 4 1 0 1 0 1 0/0 15:00 0:00 3:59
Danny Richmond 0 0 0 -1 2 0 0 2 0 0 0/0 16:46 0:00 4:30
Henrik Zetterberg 1 1 2 0 0 4 1 1 0 0 1/1 21:18 1:18 4:01
Jeff Schultz 0 1 1 1 0 1 0 4 0 0 0/0 24:22 0:41 8:44
John Carlson 1 0 1 -2 0 3 0 2 1 2 0/0 18:52 1:18 0:00
Jordan Nolan 0 0 0 0 0 0 0 0 0 0 5/12 11:47 0:41 0:59
Justin Schultz 1 0 1 1 0 3 1 1 0 3 0/0 15:37 1:18 0:39
Kris Versteeg 0 1 1 0 0 1 2 0 3 0 0/1 15:32 1:18 0:00
Loui Eriksson 0 0 0 1 2 1 1 0 0 2 2/2 18:40 0:00 6:47
Mikael Backlund 0 0 0 -3 0 0 2 0 0 0 2/5 10:36 0:00 3:59
Pierre-Luc Létourneau 0 0 0 -3 0 0 1 0 0 0 0/0 7:15 0:00 0:16
Pierre-Marc Bouchard 0 0 0 0 2 3 0 0 0 0 3/6 9:52 0:00 0:00
Reilly Smith 0 0 0 1 2 3 0 1 0 0 0/1 12:14 0:41 0:00
Robert Nilsson 0 1 1 0 0 1 4 3 0 2 13/34 23:57 1:18 7:45
Sheldon Keefe 0 0 0 -3 0 2 0 0 0 0 0/0 7:20 0:00 0:00
Steve Bernier 0 0 0 1 2 0 1 0 1 2 1/1 11:50 0:41 0:00
Players Stats for Stars
Player Name G A P +/- PIM S H SB GA TA FO MP PP MP PK MP
------------------------------------------------------------------------------------
Andrei Markov 0 1 1 1 0 0 1 3 0 2 0/0 19:54 5:18 0:40
Brian Flynn 0 0 0 0 0 0 0 0 0 0 4/6 7:37 0:00 0:40
Brian Lee 0 0 0 -1 0 5 0 2 0 1 0/0 25:54 8:45 0:00
Daniel Cleary 0 0 0 0 0 1 1 0 1 1 0/0 8:44 0:00 1:11
Dustin Penner 1 0 1 1 0 3 0 0 0 0 0/0 9:54 0:24 0:48
Evgeny Artyukhin 0 2 2 4 0 1 0 1 0 0 0/0 10:29 0:00 0:08
John Tavares 0 0 0 -1 0 2 0 0 1 0 12/25 20:36 7:54 0:00
Johnny Oduya 0 1 1 0 0 2 2 0 0 0 0/0 14:30 0:00 1:19
Jussi Jokinen 1 0 1 -1 0 4 1 1 1 0 2/2 18:27 5:35 0:00
Matt Cooke 3 0 3 3 0 6 1 0 1 0 0/0 11:39 0:31 0:00
Michael Frolik 0 2 2 -1 0 7 1 0 1 0 0/0 20:35 7:54 0:00
Radim Vrbata 0 0 0 -1 0 0 1 0 0 1 1/2 18:23 5:35 0:00
Raphael Diaz 0 1 1 3 0 1 0 1 1 0 0/0 20:27 4:11 0:40
Rickard Wallin 0 1 1 3 0 0 2 0 1 0 5/8 11:24 0:00 1:11
Ryan Getzlaf 0 0 0 -1 0 2 0 0 0 0 8/15 18:20 5:35 0:00
Scott Hartnell 0 0 0 -1 0 5 2 0 1 0 4/5 21:32 8:11 0:00
Shaone Morrisonn 0 1 1 3 2 1 0 2 0 0 0/0 13:23 0:00 0:00
Trevor Daley 0 1 1 -1 0 2 1 1 5 0 0/0 26:12 9:32 1:19
3 Stars
1 - Matt Cooke (Dal)
2 - Evgeny Artyukhin (Dal)
3 - Henrik Zetterberg (TB.)
Power Play
Lightning - 0 on 1 Attempt(s) - 0.00%
Stars - 0 on 7 Attempt(s) - 0.00%
Penalty Kill
Lightning - 7 on 7 Attempt(s) - 100.00%
- Score 0 goal in Penalty Kill
Stars - 1 on 1 Attempt(s) - 100.00%
- Score 0 goal in Penalty Kill
Team Stat
Lightning - Hits : 16 - Faceoff Wins : 27 - Blocked Shots : 18 - Penalty Minutes : 14
Stars - Hits : 13 - Faceoff Wins : 36 - Blocked Shots : 11 - Penalty Minutes : 2
Official
Referees : L'Ecuyer Frederick and Rooney Chris
Linesman : Brad Lazarowich and Darren Gibbs
Game Notes
Matt Cooke has scored a Hat Trick!
Finance
Level 1 -- Attendance: 6000 (100.00%) -- Ticket Income $420,000
Level 2 -- Attendance: 3963 (79.26%) -- Ticket Income $237,780
Level 3 -- Attendance: 1160 (58.00%) -- Ticket Income $58,000
Level 4 -- Attendance: 2132 (53.30%) -- Ticket Income $85,280
Luxury Box -- Attendance: 1000 (100.00%) -- Ticket Income $105,000
Game was played at the American Airlines Center.
Total Attendance: 14255 (79.19%)
Total Ticket Income: $906,060
Other Income: $135,909
Total Income: $1,041,969
Lightning
5 vs 5 Forward
Center Left Wing Right Wing Time % Phy DF OF
1 Robert Nilsson Henrik Zetterberg Kris Versteeg 40 1 2 2
2 Jordan Nolan Daniel Carcillo Reilly Smith 25 1 2 2
3 Pierre-Marc Bouchard Loui Eriksson Steve Bernier 25 1 2 2
4 Mikael Backlund Pierre-Luc Létourneau Sheldon Keefe 10 1 2 2
5 vs 5 Defense
Defense Defense Time % Phy DF OF
1 John Carlson Brent Burns 40 1 2 2
2 Jeff Schultz Justin Schultz 30 1 2 2
3 Andy Rogers Danny Richmond 20 1 2 2
4 John Carlson Brent Burns 10 1 2 2
PowerPlay Forward
Center Left Wing Right Wing Time % Phy DF OF
1 Robert Nilsson Henrik Zetterberg Kris Versteeg 60 1 2 2
2 Jordan Nolan Steve Bernier Reilly Smith 40 1 2 2
PowerPlay Defense
Defense Defense Time % Phy DF OF
1 Justin Schultz John Carlson 60 1 2 2
2 Brent Burns Jeff Schultz 40 1 2 2
Penalty Kill 4 Players Forward
Center Wing Time % Phy DF OF
1 Robert Nilsson Loui Eriksson 60 1 2 2
2 Mikael Backlund Daniel Carcillo 40 1 2 2
Penalty Kill 4 Players Defense
Defense Defense Time % Phy DF OF
1 Jeff Schultz Andy Rogers 60 1 2 2
2 Danny Richmond Brent Burns 40 1 2 2
Penalty Kill - 3 Players Forward
Forward Time % Phy DF OF
1 Henrik Zetterberg 60 1 2 2
2 Robert Nilsson 40 1 2 2
Penalty Kill - 3 Players Defense
Defense Defense Time % Phy DF OF
1 Jeff Schultz Brent Burns 60 1 2 2
2 Andy Rogers Danny Richmond 40 1 2 2
4 vs 4 Forward
Center Wing Time % Phy DF OF
1 Robert Nilsson Henrik Zetterberg 60 1 2 2
2 Jordan Nolan Reilly Smith 40 1 2 2
4 vs 4 Defense
Defense Defense Time % Phy DF OF
1 John Carlson Brent Burns 60 1 2 2
2 Danny Richmond Justin Schultz 40 1 2 2
Last Minutes Offensive
Center Left Wing Right Wing Defense Defense
Robert Nilsson Henrik Zetterberg Kris Versteeg John Carlson Brent Burns
Last Minutes Defensive
Center Left Wing Right Wing Defense Defense
Robert Nilsson Daniel Carcillo Loui Eriksson Jeff Schultz Andy Rogers
Goaltenders
Starting : Jaroslav Halak
Backup : Adam Munro
Extra Forwards
Normal : Daniel Carcillo, Reilly Smith, Kris Versteeg - PP : Daniel Carcillo, Reilly Smith - PK : Henrik Zetterberg
Extra Defensemen
Normal : Andy Rogers, Brent Burns, Danny Richmond - PP : Andy Rogers - PK : Justin Schultz, Andy Rogers
Penalty Shots
Henrik Zetterberg, Robert Nilsson, Pierre-Marc Bouchard, Kris Versteeg, Reilly Smith
Scratches
None
Stars
5 vs 5 Forward
Center Left Wing Right Wing Time % Phy DF OF
1 John Tavares Scott Hartnell Radim Vrbata 39 0 1 4
2 Ryan Getzlaf Jussi Jokinen Michael Frolik 27 0 2 3
3 Rickard Wallin Matt Cooke Evgeny Artyukhin 21 1 2 2
4 Brian Flynn Dustin Penner Daniel Cleary 13 1 2 2
5 vs 5 Defense
Defense Defense Time % Phy DF OF
1 Trevor Daley Brian Lee 40 1 2 2
2 Johnny Oduya Andrei Markov 30 1 2 2
3 Raphael Diaz Shaone Morrisonn 30 1 2 2
4 Johnny Oduya Brian Lee 0 1 2 2
PowerPlay Forward
Center Left Wing Right Wing Time % Phy DF OF
1 John Tavares Scott Hartnell Michael Frolik 60 0 1 4
2 Ryan Getzlaf Jussi Jokinen Radim Vrbata 40 0 1 4
PowerPlay Defense
Defense Defense Time % Phy DF OF
1 Trevor Daley Brian Lee 60 0 2 3
2 Trevor Daley Andrei Markov 40 0 2 3
Penalty Kill 4 Players Forward
Center Wing Time % Phy DF OF
1 Rickard Wallin Daniel Cleary 60 0 3 2
2 Brian Flynn Dustin Penner 40 0 3 2
Penalty Kill 4 Players Defense
Defense Defense Time % Phy DF OF
1 Johnny Oduya Shaone Morrisonn 60 0 3 2
2 Raphael Diaz Andrei Markov 40 0 3 2
Penalty Kill - 3 Players Forward
Forward Time % Phy DF OF
1 Daniel Cleary 60 0 3 2
2 Matt Cooke 40 0 3 2
Penalty Kill - 3 Players Defense
Defense Defense Time % Phy DF OF
1 Johnny Oduya Brian Lee 60 1 2 2
2 Trevor Daley Andrei Markov 40 1 2 2
4 vs 4 Forward
Center Wing Time % Phy DF OF
1 Trevor Daley Scott Hartnell 60 1 2 2
2 Jussi Jokinen Michael Frolik 40 1 2 2
4 vs 4 Defense
Defense Defense Time % Phy DF OF
1 Johnny Oduya Brian Lee 60 1 2 2
2 Trevor Daley Andrei Markov 40 1 2 2
Last Minutes Offensive
Center Left Wing Right Wing Defense Defense
John Tavares Scott Hartnell Michael Frolik Trevor Daley Brian Lee
Last Minutes Defensive
Center Left Wing Right Wing Defense Defense
Ryan Getzlaf Matt Cooke Daniel Cleary Johnny Oduya Shaone Morrisonn
Goaltenders
Starting : Pascal Leclaire
Backup : Miika Kiprusoff
Extra Forwards
Normal : Matt Cooke, Dustin Penner, Radim Vrbata - PP : Matt Cooke, Dustin Penner - PK : Evgeny Artyukhin
Extra Defensemen
Normal : Raphael Diaz, Shaone Morrisonn, Trevor Daley - PP : Raphael Diaz - PK : Shaone Morrisonn, Trevor Daley
Penalty Shots
John Tavares, Scott Hartnell, Jussi Jokinen, Michael Frolik, Ryan Getzlaf
Scratches
Michal Handzus (Strained Groin Injury)
% Time on Ice - Lightning
Lines # - Real PCT - Wanted PCT - Time Play
Normal Forward
1 - 39% - 40% - 17:10
2 - 22% - 25% - 9:38
3 - 24% - 25% - 10:44
4 - 15% - 10% - 6:36
Normal Defense
1 - 39% - 40% - 17:10
2 - 36% - 30% - 15:51
3 - 21% - 20% - 9:20
4 - 4% - 10% - 1:47
PP Forward
1 - 66% - 60% - 1:18
2 - 34% - 40% - 0:41
PP Defense
1 - 66% - 60% - 1:18
2 - 34% - 40% - 0:41
PK Forward
1 - 71% - 60% - 9:54
2 - 29% - 40% - 3:59
PK Defense
1 - 58% - 60% - 8:05
2 - 42% - 40% - 5:48
PK3 Forward
1 - 0% - 60%
2 - 0% - 40%
PK3 Defense
1 - 0% - 60%
2 - 0% - 40%
44 Forward
1 - 0% - 60%
2 - 0% - 40%
44 Defense
1 - 0% - 60%
2 - 0% - 40%
Last Minute Offensive - 0:00
Last Minute Defensive - 0:00
Total
Forward - 60:00
Defense - 60:00
|
% Time on Ice - Stars
Lines # - Real PCT - Wanted PCT - Time Play
Normal Forward
1 - 32% - 39% - 14:19
2 - 29% - 27% - 12:52
3 - 23% - 21% - 10:00
4 - 16% - 13% - 6:57
Normal Defense
1 - 37% - 40% - 16:14
2 - 32% - 30% - 13:56
3 - 30% - 30% - 13:03
4 - 2% - 0% - 0:55
PP Forward
1 - 60% - 60% - 8:18
2 - 40% - 40% - 5:35
PP Defense
1 - 63% - 60% - 8:45
2 - 37% - 40% - 5:08
PK Forward
1 - 66% - 60% - 1:19
2 - 34% - 40% - 0:40
PK Defense
1 - 66% - 60% - 1:19
2 - 34% - 40% - 0:40
PK3 Forward
1 - 0% - 60%
2 - 0% - 40%
PK3 Defense
1 - 0% - 60%
2 - 0% - 40%
44 Forward
1 - 0% - 60%
2 - 0% - 40%
44 Defense
1 - 0% - 60%
2 - 0% - 40%
Last Minute Offensive - 0:00
Last Minute Defensive - 0:00
Total
Forward - 60:00
Defense - 60:00
|
Play by Play
1st period
0:01 of 1st period - Robert Nilsson wins face-off versus Scott Hartnell in neutral zone.
0:36 of 1st period - Snap shot by Jordan Nolan.
0:36 of 1st period - Shot Misses the Net.
0:38 of 1st period - Slapshot by Justin Schultz.
0:38 of 1st period - Deflect By Ryan Getzlaf.
0:38 of 1st period - Stopped by Pascal Leclaire with a rebound.
0:52 of 1st period - Loui Eriksson is hit by Rickard Wallin and loses puck.
1:47 of 1st period - Robert Nilsson is hit by Johnny Oduya and loses puck.
1:59 of 1st period - Off-side.
2:00 of 1st period - Jordan Nolan wins face-off versus Ryan Getzlaf in neutral zone.
2:39 of 1st period - Wrist shot by Reilly Smith.
2:39 of 1st period - Stopped by Pascal Leclaire without a rebound.
2:40 of 1st period - Pierre-Marc Bouchard wins face-off versus Rickard Wallin in Stars zone.
2:57 of 1st period - Backhand shot by Pierre-Marc Bouchard.
2:57 of 1st period - Stopped by Pascal Leclaire without a rebound.
2:58 of 1st period - John Tavares wins face-off versus Robert Nilsson in Stars zone.
3:13 of 1st period - Wrist shot by Scott Hartnell.
3:13 of 1st period - Stopped by Jaroslav Halak with a rebound.
3:15 of 1st period - Snap shot by Scott Hartnell.
3:15 of 1st period - Stopped by Jaroslav Halak with a rebound.
3:51 of 1st period - Wrist shot by Matt Cooke.
3:51 of 1st period - Goal by Matt Cooke - Lightning : 0 - Stars : 1.
3:52 of 1st period - Robert Nilsson wins face-off versus John Tavares in neutral zone.
4:01 of 1st period - Snap shot by Kris Versteeg.
4:01 of 1st period - Deflect By Scott Hartnell.
4:01 of 1st period - Shot Blocked by Andrei Markov.
4:01 of 1st period - Puck is out of play.
4:02 of 1st period - Radim Vrbata wins face-off versus Robert Nilsson in Stars zone.
4:13 of 1st period - Backhand shot by Kris Versteeg.
4:13 of 1st period - Shot Misses the Net.
4:33 of 1st period - Snap shot by Henrik Zetterberg.
4:33 of 1st period - Goal by Henrik Zetterberg - Lightning : 1 - Stars : 1.
4:34 of 1st period - Pierre-Marc Bouchard wins face-off versus Rickard Wallin in neutral zone.
4:37 of 1st period - Slapshot by Steve Bernier.
4:37 of 1st period - Shot Misses the Net.
4:43 of 1st period - Slapshot by Pierre-Marc Bouchard.
4:43 of 1st period - Stopped by Pascal Leclaire with a rebound.
4:45 of 1st period - Slapshot by John Carlson.
4:45 of 1st period - Stopped by Pascal Leclaire without a rebound.
4:46 of 1st period - Jordan Nolan wins face-off versus Ryan Getzlaf in Stars zone.
4:55 of 1st period - Slapshot by John Carlson.
4:55 of 1st period - Deflect By Reilly Smith.
4:55 of 1st period - Stopped by Pascal Leclaire without a rebound.
4:56 of 1st period - Ryan Getzlaf wins face-off versus Jordan Nolan in Stars zone.
5:00 of 1st period - Icing by Ryan Getzlaf.
5:01 of 1st period - Ryan Getzlaf wins face-off versus Robert Nilsson in Stars zone.
5:01 of 1st period - Ryan Getzlaf is hit by Kris Versteeg.
5:06 of 1st period - Off-side.
5:07 of 1st period - Brian Flynn wins face-off versus Robert Nilsson in neutral zone.
5:16 of 1st period - Slapshot by Brian Lee.
5:16 of 1st period - Shot Misses the Net.
5:24 of 1st period - Dustin Penner is hit by Henrik Zetterberg.
6:38 of 1st period - Wrist shot by Daniel Cleary.
6:38 of 1st period - Shot Misses the Net.
6:54 of 1st period - Slapshot by Henrik Zetterberg.
6:54 of 1st period - Shot Misses the Net.
7:22 of 1st period - Backhand shot by Rickard Wallin.
7:22 of 1st period - Shot Blocked by Daniel Carcillo.
7:24 of 1st period - Snap shot by Rickard Wallin.
7:24 of 1st period - Shot Misses the Net.
8:03 of 1st period - Backhand shot by Henrik Zetterberg.
8:03 of 1st period - Shot Misses the Net.
8:25 of 1st period - Icing by Kris Versteeg.
8:26 of 1st period - Robert Nilsson wins face-off versus Ryan Getzlaf in Lightning zone.
8:37 of 1st period - Wrist shot by Henrik Zetterberg.
8:37 of 1st period - Stopped by Pascal Leclaire with a rebound.
9:03 of 1st period - Wrist shot by Jussi Jokinen.
9:03 of 1st period - Stopped by Jaroslav Halak without a rebound.
9:04 of 1st period - Loui Eriksson wins face-off versus John Tavares in Lightning zone.
9:28 of 1st period - Icing by John Carlson.
9:29 of 1st period - Rickard Wallin wins face-off versus Jordan Nolan in Lightning zone.
11:18 of 1st period - Brent Burns is hit by Matt Cooke and loses puck.
11:37 of 1st period - Wrist shot by Pierre-Marc Bouchard.
11:37 of 1st period - Shot Misses the Net.
11:47 of 1st period - Minor Penalty to Shaone Morrisonn for High sticking.
11:48 of 1st period - Rickard Wallin wins face-off versus Robert Nilsson in Stars zone.
13:01 of 1st period - Slapshot by Kris Versteeg.
13:01 of 1st period - Shot Misses the Net.
13:03 of 1st period - Slapshot by Robert Nilsson.
13:03 of 1st period - Shot Misses the Net.
13:05 of 1st period - Backhand shot by John Carlson.
13:05 of 1st period - Stopped by Pascal Leclaire without a rebound.
13:06 of 1st period - Brian Flynn wins face-off versus Jordan Nolan in Stars zone.
13:47 of 1st period - Penalty to Shaone Morrisonn is over, Shaone Morrisonn is back on ice.
14:07 of 1st period - Snap shot by Dustin Penner.
14:07 of 1st period - Goal by Dustin Penner - Lightning : 1 - Stars : 2.
14:08 of 1st period - Mikael Backlund wins face-off versus John Tavares in neutral zone.
14:40 of 1st period - Snap shot by Henrik Zetterberg.
14:40 of 1st period - Shot Blocked by Jussi Jokinen.
15:12 of 1st period - Minor Penalty to Loui Eriksson for Tripping.
15:13 of 1st period - Scott Hartnell wins face-off versus Robert Nilsson in Lightning zone.
15:16 of 1st period - Snap shot by Michael Frolik.
15:16 of 1st period - Shot Misses the Net.
15:18 of 1st period - Backhand shot by Brian Lee.
15:18 of 1st period - Stopped by Jaroslav Halak with a rebound.
15:20 of 1st period - Slapshot by Trevor Daley.
15:20 of 1st period - Stopped by Jaroslav Halak without a rebound.
15:21 of 1st period - John Tavares wins face-off versus Robert Nilsson in Lightning zone.
15:46 of 1st period - Snap shot by Michael Frolik.
15:46 of 1st period - Shot Misses the Net.
15:48 of 1st period - Snap shot by John Tavares.
15:48 of 1st period - Shot Blocked by Henrik Zetterberg.
15:50 of 1st period - Slapshot by Michael Frolik.
15:50 of 1st period - Stopped by Jaroslav Halak without a rebound.
15:51 of 1st period - Robert Nilsson wins face-off versus Ryan Getzlaf in Lightning zone.
17:12 of 1st period - Penalty to Loui Eriksson is over, Loui Eriksson is back on ice.
17:27 of 1st period - Snap shot by Dustin Penner.
17:27 of 1st period - Stopped by Jaroslav Halak without a rebound.
17:28 of 1st period - Brian Flynn wins face-off versus Pierre-Marc Bouchard in Lightning zone.
17:47 of 1st period - Dustin Penner is hit by Brent Burns and loses puck.
18:00 of 1st period - Pierre-Luc Létourneau is hit by Johnny Oduya and loses puck.
19:15 of 1st period - Rickard Wallin is hit by Robert Nilsson and loses puck.
Goals for this period are 1 for Lightning vs 2 for Stars.
Shots for this period are 9 for Lightning vs 9 for Stars.
2nd period
0:01 of 2nd period - Robert Nilsson wins face-off versus John Tavares in neutral zone.
0:35 of 2nd period - Snap shot by Reilly Smith.
0:35 of 2nd period - Stopped by Pascal Leclaire with a rebound.
1:10 of 2nd period - Icing by Jeff Schultz.
1:11 of 2nd period - John Tavares wins face-off versus Pierre-Marc Bouchard in Lightning zone.
1:27 of 2nd period - Wrist shot by Pierre-Marc Bouchard.
1:27 of 2nd period - Deflect By Loui Eriksson.
1:27 of 2nd period - Shot Misses the Net.
1:27 of 2nd period - Puck is out of play.
1:28 of 2nd period - Robert Nilsson wins face-off versus Ryan Getzlaf in Stars zone.
1:33 of 2nd period - Slapshot by John Carlson.
1:33 of 2nd period - Shot Misses the Net.
1:35 of 2nd period - Slapshot by Brent Burns.
1:35 of 2nd period - Shot Misses the Net.
1:37 of 2nd period - Wrist shot by Kris Versteeg.
1:37 of 2nd period - Stopped by Pascal Leclaire without a rebound.
1:38 of 2nd period - Ryan Getzlaf wins face-off versus Robert Nilsson in Stars zone.
1:47 of 2nd period - Wrist shot by Henrik Zetterberg.
1:47 of 2nd period - Shot Blocked by Brian Lee.
1:49 of 2nd period - Snap shot by Henrik Zetterberg.
1:49 of 2nd period - Shot Hit the Post.
2:15 of 2nd period - Slapshot by John Carlson.
2:15 of 2nd period - Shot Misses the Net.
2:17 of 2nd period - Slapshot by John Carlson.
2:17 of 2nd period - Goal by John Carlson - Lightning : 2 - Stars : 2.
2:18 of 2nd period - Jordan Nolan wins face-off versus John Tavares in neutral zone.
2:25 of 2nd period - Slapshot by Brent Burns.
2:25 of 2nd period - Stopped by Pascal Leclaire without a rebound.
2:26 of 2nd period - John Tavares wins face-off versus Jordan Nolan in Stars zone.
2:31 of 2nd period - Snap shot by Brian Lee.
2:31 of 2nd period - Shot Blocked by Reilly Smith.
2:33 of 2nd period - Slapshot by John Tavares.
2:33 of 2nd period - Shot Blocked by John Carlson.
2:35 of 2nd period - Snap shot by Brian Lee.
2:35 of 2nd period - Stopped by Jaroslav Halak without a rebound.
2:36 of 2nd period - John Tavares wins face-off versus Robert Nilsson in Lightning zone.
2:41 of 2nd period - Snap shot by Scott Hartnell.
2:41 of 2nd period - Shot Misses the Net.
3:07 of 2nd period - Snap shot by Brian Lee.
3:07 of 2nd period - Stopped by Jaroslav Halak without a rebound.
3:08 of 2nd period - Jordan Nolan wins face-off versus Rickard Wallin in Lightning zone.
4:18 of 2nd period - Jussi Jokinen is hit by Robert Nilsson.
5:05 of 2nd period - Brian Lee is hit by Pierre-Luc Létourneau.
5:09 of 2nd period - Backhand shot by Mikael Backlund.
5:09 of 2nd period - Deflect By Sheldon Keefe.
5:09 of 2nd period - Stopped by Pascal Leclaire without a rebound.
5:10 of 2nd period - Ryan Getzlaf wins face-off versus Robert Nilsson in Stars zone.
5:15 of 2nd period - Wrist shot by Michael Frolik.
5:15 of 2nd period - Stopped by Jaroslav Halak with a rebound.
5:23 of 2nd period - Slapshot by Henrik Zetterberg.
5:23 of 2nd period - Stopped by Pascal Leclaire with a rebound.
5:37 of 2nd period - Snap shot by Pierre-Marc Bouchard.
5:37 of 2nd period - Stopped by Pascal Leclaire without a rebound.
5:38 of 2nd period - Pierre-Marc Bouchard wins face-off versus John Tavares in Stars zone.
5:39 of 2nd period - Slapshot by John Carlson.
5:39 of 2nd period - Shot Misses the Net.
5:47 of 2nd period - Wrist shot by John Tavares.
5:47 of 2nd period - Stopped by Jaroslav Halak without a rebound.
5:48 of 2nd period - Robert Nilsson wins face-off versus John Tavares in Lightning zone.
6:16 of 2nd period - Minor Penalty to Reilly Smith for Tripping.
6:17 of 2nd period - Robert Nilsson wins face-off versus John Tavares in Lightning zone.
6:29 of 2nd period - Snap shot by Robert Nilsson.
6:29 of 2nd period - Shot Blocked by Trevor Daley.
6:31 of 2nd period - Slapshot by Andy Rogers.
6:31 of 2nd period - Stopped by Pascal Leclaire without a rebound.
6:32 of 2nd period - John Tavares wins face-off versus Robert Nilsson in Stars zone.
6:46 of 2nd period - Slapshot by Trevor Daley.
6:46 of 2nd period - Deflect By Michael Frolik.
6:46 of 2nd period - Stopped by Jaroslav Halak without a rebound.
6:47 of 2nd period - Robert Nilsson wins face-off versus Radim Vrbata in Lightning zone.
7:02 of 2nd period - Snap shot by Jussi Jokinen.
7:02 of 2nd period - Shot Blocked by Robert Nilsson.
8:16 of 2nd period - Penalty to Reilly Smith is over, Reilly Smith is back on ice.
8:27 of 2nd period - Brian Lee is hit by Mikael Backlund and loses puck.
8:46 of 2nd period - Snap shot by Daniel Cleary.
8:46 of 2nd period - Stopped by Jaroslav Halak with a rebound.
8:48 of 2nd period - Snap shot by Dustin Penner.
8:48 of 2nd period - Shot Misses the Net.
8:50 of 2nd period - Slapshot by Johnny Oduya.
8:50 of 2nd period - Stopped by Jaroslav Halak without a rebound.
8:51 of 2nd period - Brian Flynn wins face-off versus Robert Nilsson in Lightning zone.
8:57 of 2nd period - Icing by Robert Nilsson.
8:58 of 2nd period - Henrik Zetterberg wins face-off versus Brian Flynn in Lightning zone.
9:31 of 2nd period - Snap shot by Daniel Cleary.
9:31 of 2nd period - Shot Misses the Net.
9:35 of 2nd period - Snap shot by Dustin Penner.
9:35 of 2nd period - Stopped by Jaroslav Halak with a rebound.
9:37 of 2nd period - Snap shot by Shaone Morrisonn.
9:37 of 2nd period - Stopped by Jaroslav Halak with a rebound.
9:39 of 2nd period - Slapshot by Brian Flynn.
9:39 of 2nd period - Shot Misses the Net.
9:41 of 2nd period - Snap shot by Brian Flynn.
9:41 of 2nd period - Shot Misses the Net.
9:43 of 2nd period - Wrist shot by Daniel Cleary.
9:43 of 2nd period - Shot Misses the Net.
9:45 of 2nd period - Snap shot by Shaone Morrisonn.
9:45 of 2nd period - Shot Blocked by John Carlson.
10:01 of 2nd period - Slapshot by John Carlson.
10:01 of 2nd period - Shot Misses the Net.
10:11 of 2nd period - Slapshot by Raphael Diaz.
10:11 of 2nd period - Deflect By John Carlson.
10:11 of 2nd period - Stopped by Jaroslav Halak without a rebound.
10:12 of 2nd period - John Tavares wins face-off versus Jordan Nolan in Lightning zone.
10:26 of 2nd period - Minor Penalty to Daniel Carcillo for Roughing.
10:27 of 2nd period - John Tavares wins face-off versus Robert Nilsson in Lightning zone.
10:27 of 2nd period - Slapshot by Michael Frolik.
10:27 of 2nd period - Shot Misses the Net.
10:29 of 2nd period - Snap shot by John Tavares.
10:29 of 2nd period - Shot Misses the Net.
10:31 of 2nd period - Wrist shot by Michael Frolik.
10:31 of 2nd period - Shot Blocked by Jeff Schultz.
10:33 of 2nd period - Slapshot by Trevor Daley.
10:33 of 2nd period - Shot Misses the Net.
10:35 of 2nd period - Wrist shot by Scott Hartnell.
10:35 of 2nd period - Stopped by Jaroslav Halak with a rebound.
10:37 of 2nd period - Slapshot by Trevor Daley.
10:37 of 2nd period - Shot Blocked by Andy Rogers.
10:39 of 2nd period - Backhand shot by Scott Hartnell.
10:39 of 2nd period - Shot Blocked by Jeff Schultz.
10:41 of 2nd period - Snap shot by John Tavares.
10:41 of 2nd period - Shot Blocked by Robert Nilsson.
10:43 of 2nd period - Slapshot by Trevor Daley.
10:43 of 2nd period - Stopped by Jaroslav Halak without a rebound.
10:44 of 2nd period - Jussi Jokinen wins face-off versus Robert Nilsson in Lightning zone.
12:26 of 2nd period - Penalty to Daniel Carcillo is over, Daniel Carcillo is back on ice.
13:20 of 2nd period - Andrei Markov is hit by Kris Versteeg.
13:30 of 2nd period - Daniel Carcillo is hit by Daniel Cleary and loses puck.
13:41 of 2nd period - Radim Vrbata is hit by Loui Eriksson and loses puck.
13:52 of 2nd period - Wrist shot by Sheldon Keefe.
13:52 of 2nd period - Stopped by Pascal Leclaire without a rebound.
13:53 of 2nd period - Rickard Wallin wins face-off versus Mikael Backlund in Stars zone.
13:56 of 2nd period - Slapshot by Mikael Backlund.
13:56 of 2nd period - Shot Misses the Net.
14:08 of 2nd period - Snap shot by Raphael Diaz.
14:08 of 2nd period - Shot Blocked by Danny Richmond.
15:01 of 2nd period - Johnny Oduya is hit by Justin Schultz and loses puck.
15:28 of 2nd period - Wrist shot by Robert Nilsson.
15:28 of 2nd period - Stopped by Pascal Leclaire with a rebound.
16:12 of 2nd period - Backhand shot by Danny Richmond.
16:12 of 2nd period - Shot Blocked by Shaone Morrisonn.
16:59 of 2nd period - Snap shot by Loui Eriksson.
16:59 of 2nd period - Stopped by Pascal Leclaire without a rebound.
17:00 of 2nd period - Ryan Getzlaf wins face-off versus Jordan Nolan in Stars zone.
17:10 of 2nd period - Off-side.
17:11 of 2nd period - John Tavares wins face-off versus Robert Nilsson in neutral zone.
17:18 of 2nd period - Slapshot by Scott Hartnell.
17:18 of 2nd period - Shot Misses the Net.
17:20 of 2nd period - Snap shot by Brian Lee.
17:20 of 2nd period - Stopped by Jaroslav Halak without a rebound.
17:21 of 2nd period - Scott Hartnell wins face-off versus Robert Nilsson in Lightning zone.
17:38 of 2nd period - Wrist shot by Henrik Zetterberg.
17:38 of 2nd period - Shot Blocked by Brian Lee.
17:48 of 2nd period - Snap shot by Radim Vrbata.
17:48 of 2nd period - Shot Misses the Net.
17:50 of 2nd period - Slapshot by Brian Lee.
17:50 of 2nd period - Shot Misses the Net.
17:52 of 2nd period - Wrist shot by Scott Hartnell.
17:52 of 2nd period - Shot Misses the Net.
17:54 of 2nd period - Snap shot by Scott Hartnell.
17:54 of 2nd period - Stopped by Jaroslav Halak without a rebound.
17:55 of 2nd period - Ryan Getzlaf wins face-off versus Pierre-Marc Bouchard in Lightning zone.
18:50 of 2nd period - Slapshot by John Tavares.
18:50 of 2nd period - Shot Blocked by Andy Rogers.
18:52 of 2nd period - Backhand shot by John Tavares.
18:52 of 2nd period - Shot Misses the Net.
19:51 of 2nd period - Wrist shot by Ryan Getzlaf.
19:51 of 2nd period - Shot Blocked by Justin Schultz.
19:53 of 2nd period - Minor Penalty to Daniel Carcillo for Hooking.
19:54 of 2nd period - Robert Nilsson wins face-off versus John Tavares in Lightning zone.
Goals for this period are 1 for Lightning vs 0 for Stars.
Shots for this period are 11 for Lightning vs 14 for Stars.
3rd period
0:01 of 3rd period - Scott Hartnell wins face-off versus Robert Nilsson in neutral zone.
0:15 of 3rd period - Snap shot by John Tavares.
0:15 of 3rd period - Stopped by Jaroslav Halak with a rebound.
0:17 of 3rd period - Wrist shot by Scott Hartnell.
0:17 of 3rd period - Shot Blocked by Jeff Schultz.
0:27 of 3rd period - Ryan Getzlaf is hit by Mikael Backlund and loses puck.
1:27 of 3rd period - Ryan Getzlaf is hit by Robert Nilsson and loses puck.
1:53 of 3rd period - Penalty to Daniel Carcillo is over, Daniel Carcillo is back on ice.
2:22 of 3rd period - Snap shot by Evgeny Artyukhin.
2:22 of 3rd period - Stopped by Jaroslav Halak without a rebound.
2:23 of 3rd period - Steve Bernier wins face-off versus Brian Flynn in Lightning zone.
2:30 of 3rd period - Dustin Penner is hit by Steve Bernier and loses puck.
2:46 of 3rd period - Snap shot by Matt Cooke.
2:46 of 3rd period - Stopped by Jaroslav Halak without a rebound.
2:47 of 3rd period - Robert Nilsson wins face-off versus John Tavares in Lightning zone.
3:43 of 3rd period - Minor Penalty to Steve Bernier for Hooking.
3:44 of 3rd period - Robert Nilsson wins face-off versus John Tavares in Lightning zone.
4:05 of 3rd period - Michael Frolik is hit by Robert Nilsson and loses puck.
5:43 of 3rd period - Penalty to Steve Bernier is over, Steve Bernier is back on ice.
5:59 of 3rd period - Minor Penalty to Danny Richmond for Slashing.
6:00 of 3rd period - John Tavares wins face-off versus Robert Nilsson in Lightning zone.
6:35 of 3rd period - Wrist shot by Jussi Jokinen.
6:35 of 3rd period - Shot Blocked by Jeff Schultz.
6:37 of 3rd period - Slapshot by Trevor Daley.
6:37 of 3rd period - Shot Misses the Net.
7:07 of 3rd period - Justin Schultz is hit by Andrei Markov and loses puck.
7:18 of 3rd period - Brian Lee is hit by Brent Burns and loses puck.
7:59 of 3rd period - Penalty to Danny Richmond is over, Danny Richmond is back on ice.
8:14 of 3rd period - Snap shot by Matt Cooke.
8:14 of 3rd period - Stopped by Jaroslav Halak with a rebound.
8:16 of 3rd period - Wrist shot by Scott Hartnell.
8:16 of 3rd period - Stopped by Jaroslav Halak with a rebound.
8:22 of 3rd period - Snap shot by Dustin Penner.
8:22 of 3rd period - Shot Blocked by Danny Richmond.
8:24 of 3rd period - Slapshot by Raphael Diaz.
8:24 of 3rd period - Shot Blocked by Robert Nilsson.
8:26 of 3rd period - Wrist shot by Matt Cooke.
8:26 of 3rd period - Shot Blocked by Andy Rogers.
8:28 of 3rd period - Slapshot by Raphael Diaz.
8:28 of 3rd period - Shot Misses the Net.
8:30 of 3rd period - Slapshot by Raphael Diaz.
8:30 of 3rd period - Shot Misses the Net.
8:32 of 3rd period - Backhand shot by Matt Cooke.
8:32 of 3rd period - Shot Misses the Net.
8:34 of 3rd period - Slapshot by Dustin Penner.
8:34 of 3rd period - Shot Misses the Net.
8:36 of 3rd period - Slapshot by Brian Lee.
8:36 of 3rd period - Stopped by Jaroslav Halak with a rebound.
8:38 of 3rd period - Snap shot by Matt Cooke.
8:38 of 3rd period - Stopped by Jaroslav Halak without a rebound.
8:39 of 3rd period - Jussi Jokinen wins face-off versus Mikael Backlund in Lightning zone.
8:46 of 3rd period - Wrist shot by Michael Frolik.
8:46 of 3rd period - Stopped by Jaroslav Halak without a rebound.
8:47 of 3rd period - Mikael Backlund wins face-off versus Ryan Getzlaf in Lightning zone.
9:02 of 3rd period - Snap shot by Ryan Getzlaf.
9:02 of 3rd period - Stopped by Jaroslav Halak with a rebound.
9:04 of 3rd period - Wrist shot by Michael Frolik.
9:04 of 3rd period - Shot Misses the Net.
9:06 of 3rd period - Slapshot by Johnny Oduya.
9:06 of 3rd period - Shot Misses the Net.
9:08 of 3rd period - Slapshot by Johnny Oduya.
9:08 of 3rd period - Stopped by Jaroslav Halak with a rebound.
9:10 of 3rd period - Slapshot by Jussi Jokinen.
9:10 of 3rd period - Goal by Jussi Jokinen - Lightning : 2 - Stars : 3.
9:11 of 3rd period - Ryan Getzlaf wins face-off versus Jordan Nolan in neutral zone.
9:42 of 3rd period - Slapshot by Matt Cooke.
9:42 of 3rd period - Goal by Matt Cooke - Lightning : 2 - Stars : 4.
9:43 of 3rd period - John Tavares wins face-off versus Robert Nilsson in neutral zone.
9:46 of 3rd period - Slapshot by Brian Lee.
9:46 of 3rd period - Shot Misses the Net.
9:52 of 3rd period - John Carlson is hit by Scott Hartnell and loses puck.
10:09 of 3rd period - Ryan Getzlaf is hit by Brent Burns and loses puck.
10:20 of 3rd period - Wrist shot by Michael Frolik.
10:20 of 3rd period - Stopped by Jaroslav Halak without a rebound.
10:21 of 3rd period - Jordan Nolan wins face-off versus John Tavares in Lightning zone.
10:26 of 3rd period - Slapshot by Jeff Schultz.
10:26 of 3rd period - Deflect By John Tavares.
10:26 of 3rd period - Stopped by Pascal Leclaire with a rebound.
10:28 of 3rd period - Slapshot by Reilly Smith.
10:28 of 3rd period - Shot Misses the Net.
10:30 of 3rd period - Snap shot by Jordan Nolan.
10:30 of 3rd period - Shot Misses the Net.
11:14 of 3rd period - Wrist shot by Pierre-Marc Bouchard.
11:14 of 3rd period - Shot Blocked by Shaone Morrisonn.
11:19 of 3rd period - Minor Penalty to Pierre-Marc Bouchard for Delaying the game.
11:20 of 3rd period - John Tavares wins face-off versus Robert Nilsson in Lightning zone.
11:22 of 3rd period - Snap shot by Michael Frolik.
11:22 of 3rd period - Stopped by Jaroslav Halak without a rebound.
11:23 of 3rd period - Robert Nilsson wins face-off versus John Tavares in Lightning zone.
11:54 of 3rd period - Wrist shot by Michael Frolik.
11:54 of 3rd period - Stopped by Jaroslav Halak without a rebound.
11:55 of 3rd period - Loui Eriksson wins face-off versus Ryan Getzlaf in Lightning zone.
12:22 of 3rd period - Danny Richmond is hit by Trevor Daley and loses puck.
12:45 of 3rd period - Daniel Carcillo is hit by Scott Hartnell and loses puck.
13:19 of 3rd period - Penalty to Pierre-Marc Bouchard is over, Pierre-Marc Bouchard is back on ice.
13:43 of 3rd period - Snap shot by Daniel Carcillo.
13:43 of 3rd period - Shot Misses the Net.
13:55 of 3rd period - Wrist shot by Daniel Carcillo.
13:55 of 3rd period - Stopped by Pascal Leclaire with a rebound.
13:57 of 3rd period - Slapshot by Brent Burns.
13:57 of 3rd period - Shot Blocked by Andrei Markov.
13:59 of 3rd period - Slapshot by Brent Burns.
13:59 of 3rd period - Shot Blocked by Andrei Markov.
14:13 of 3rd period - Snap shot by Daniel Carcillo.
14:13 of 3rd period - Shot Blocked by Raphael Diaz.
14:15 of 3rd period - Snap shot by Daniel Carcillo.
14:15 of 3rd period - Deflect By Henrik Zetterberg.
14:15 of 3rd period - Stopped by Pascal Leclaire with a rebound.
14:17 of 3rd period - Slapshot by Brent Burns.
14:17 of 3rd period - Shot Misses the Net.
14:19 of 3rd period - Wrist shot by Henrik Zetterberg.
14:19 of 3rd period - Shot Misses the Net.
14:23 of 3rd period - Snap shot by Daniel Carcillo.
14:23 of 3rd period - Shot Blocked by Evgeny Artyukhin.
14:25 of 3rd period - Slapshot by Brent Burns.
14:25 of 3rd period - Deflect By Henrik Zetterberg.
14:25 of 3rd period - Shot Misses the Net.
14:25 of 3rd period - Puck is out of play.
14:26 of 3rd period - Scott Hartnell wins face-off versus Mikael Backlund in Stars zone.
14:52 of 3rd period - Snap shot by Jussi Jokinen.
14:52 of 3rd period - Deflect By Justin Schultz.
14:52 of 3rd period - Stopped by Jaroslav Halak without a rebound.
14:53 of 3rd period - Ryan Getzlaf wins face-off versus Reilly Smith in Lightning zone.
15:06 of 3rd period - Snap shot by Ryan Getzlaf.
15:06 of 3rd period - Shot Misses the Net.
15:08 of 3rd period - Snap shot by Jussi Jokinen.
15:08 of 3rd period - Stopped by Jaroslav Halak with a rebound.
15:10 of 3rd period - Snap shot by Ryan Getzlaf.
15:10 of 3rd period - Stopped by Jaroslav Halak with a rebound.
16:24 of 3rd period - Justin Schultz is hit by Jussi Jokinen and loses puck.
16:43 of 3rd period - Slapshot by Justin Schultz.
16:43 of 3rd period - Stopped by Pascal Leclaire with a rebound.
16:49 of 3rd period - Loui Eriksson is hit by Michael Frolik and loses puck.
17:02 of 3rd period - Snap shot by Justin Schultz.
17:02 of 3rd period - Goal by Justin Schultz - Lightning : 3 - Stars : 4.
17:03 of 3rd period - Rickard Wallin wins face-off versus Robert Nilsson in neutral zone.
17:10 of 3rd period - Wrist shot by Matt Cooke.
17:10 of 3rd period - Goal by Matt Cooke - Lightning : 3 - Stars : 5.
17:11 of 3rd period - Rickard Wallin wins face-off versus Kris Versteeg in neutral zone.
17:21 of 3rd period - Snap shot by Kris Versteeg.
17:21 of 3rd period - Shot Misses the Net.
18:03 of 3rd period - Andy Rogers is hit by Radim Vrbata and loses puck.
18:26 of 3rd period - Robert Nilsson is hit by Rickard Wallin.
Goals for this period are 1 for Lightning vs 3 for Stars.
Shots for this period are 5 for Lightning vs 19 for Stars.
Back to the Top